 Dungeon Crawl Stone Soup version 0.31-a0-830-g2a533130d9 (webtiles) character file.

Game seed: 17409525616565086248

21 qw the Shooter (level 2, -2/17 HPs)
             Began as a Gargoyle Hunter on Sept 24, 2023.
             Slain by Natasha (4 damage)
             ... on level 1 of the Dungeon.
             The game lasted 00:00:17 (750 turns).

qw the Shooter (Gargoyle Hunter)                     Turns: 750, Time: 00:00:18

Health: -2/17      AC:  5    Str: 14    XL:     2   Next: 87%
Magic:  2/2        EV: 11    Int:  9    God:
Gold:   58         SH:  0    Dex: 13    Spells: 1/1 levels left

rFire   . . .        Y - +0 shortbow
rCold   . . .        (shield currently unavailable)
rNeg    + . .        c - +0 leather armour
rPois   inf          (no helmet)
rElec   +            (no cloak)
rCorr   .            (no gloves)
SInv    .            (no boots)
Will    .....        (no amulet)
Stlth   +            (no ring)
HPRegen 0.22/turn    (no ring)
MPRegen 0.08/turn

%: no passive effects
@: no status effects
A: sickness immunity, AC +2, negative energy resistance 1, electricity
resistance, torment resistance 1, petrification resistance
a: no special abilities


You were on level 1 of the Dungeon.
You visited 1 branch of the dungeon, and saw 2 of its levels.

You collected 58 gold pieces.


Innate Abilities, Weirdness & Mutations

You are immune to sickness and miasma.
Your stone body is resilient. (AC +2)
You are immune to poison.
You resist negative energy. (rN+)
You are resistant to electric shocks. (rElec)
You are resistant to unholy torment.
You are immune to petrification.


   Skills:
 - Level 2.1 Fighting
 + Level 4.8 Ranged Weapons
 - Level 1.5 Dodging
 - Level 1.1 Stealth


You had one spell level left.
You didn't know any spells.
Your spell library was empty.

Inventory:

Hand Weapons
 Y - a +0 shortbow (weapon)
Armour
 c - a +0 leather armour (worn)
Potions
 f - a potion of haste {unknown}
 g - a potion of degeneration {unknown}
 j - a potion of might
 l - a potion of curing {unknown}

Dungeon Overview and Level Annotations

Branches:
Dungeon (2/15)

Altars:

Annotations:
D:1 Natasha


Message History

HP restored.
Done exploring.
What level of the Dungeon? (default 2, ? - help)
You climb downwards.
Level annotation: Natasha
There is a stone staircase leading up here.
Natasha is nearby!
You shoot an arrow. The arrow closely misses Natasha.
You shoot an arrow.
The arrow hits Natasha but does no damage.
Natasha is moderately wounded.
A quokka comes into view.
743 ||| STAIRDANCE Natasha barely misses you.
You climb upwards.
There is a stone staircase leading down here.
You shoot an arrow. The arrow barely misses Natasha.
Natasha misses you.
Natasha howls an incantation.
You feel troubled. Natasha claws you but does no damage.
You shoot an arrow. The arrow barely misses Natasha.
Natasha claws you but does no damage.
You shoot an arrow. The arrow completely misses Natasha.
Natasha claws you.
You shoot an arrow.
The arrow hits Natasha but does no damage.
Natasha is moderately wounded.
Natasha stares at you and mumbles some strange words.
The magic dart hits you!
You shoot an arrow. The arrow misses Natasha.
Natasha stares at you and mumbles some strange words.
The magic dart hits you.
You shoot an arrow. The arrow hits Natasha!
Natasha is severely wounded.
Natasha howls an incantation.
Natasha shimmers violently.
Natasha claws you. x2
You die...
Natasha curls up and begins to purr.

#.# ####.#..............# #.# #
#.######.#..##.#####....# #.# #
.........#..##.# ##.#.####.####
...#######..##.#####.............
......# #............#......####
...##.####...###.####.########
#.###.##.....# #......# #.#
#)##.#...###.######
#.###.##.#.....h@#
............###### ......##.####
##########


You could see Natasha.

Vanquished Creatures
  6 endoplasms (D:1)
  4 goblins (D:1)
  2 quokkas (D:1)
  2 ball pythons (D:1)
  2 bats (D:1)
  2 rats (D:1)
18 creatures vanquished.

Notes
Turn   | Place    | Note
-------+----------+-------------------------------------------
     0 | D:1      | qw the Gargoyle Hunter began the quest for the Orb.
     0 | D:1      | Reached XP level 1. HP: 12/12 MP: 1/1
     0 | D:1      | 0 ||| qw: Version: 0.3-a-91-g89a76e4
     0 | D:1      | 0 ||| qw: Game counter: 1933
     0 | D:1      | 0 ||| qw: Melee chars always use a shield: true
     0 | D:1      | 0 ||| qw: God list: Okawaru
     0 | D:1      | 0 ||| qw: Allow faded altars: false
     0 | D:1      | 0 ||| qw: Do Orc after clearing Dungeon:15 true
     0 | D:1      | 0 ||| qw: Do second Lair branch before Depths: true
     0 | D:1      | 0 ||| qw: Lair rune preference: random
     0 | D:1      | 0 ||| qw: Goals: Normal
     0 | D:1      | 0 ||| PLANNING D:1-11
   283 | D:1      | Reached XP level 2. HP: 17/17 MP: 2/2
   582 | D:1      | 582 ||| READING scroll labelled LIOKEA AGRUA.
   583 | D:1      | 583 ||| READING scroll labelled CIOPET ESSEEH.
   586 | D:1      | 586 ||| READING scroll labelled RUJUFE QODGHAU.
   587 | D:1      | 587 ||| READING 2 scrolls labelled YSTRUO OH VIDEENOKK.
   588 | D:1      | 588 ||| READING scroll labelled DISILUNAUSCH.
   589 | D:1      | 589 ||| DRINKING 2 brown potions.
   590 | D:1      | 590 ||| DROPPING scroll of butterflies.
   591 | D:1      | 591 ||| DROPPING scroll of vulnerability.
   606 | D:2      | Noticed Natasha
   610 | D:2      | 610 ||| STAIRDANCE
   715 | D:2      | 715 ||| STAIRDANCE
   743 | D:2      | 743 ||| STAIRDANCE
   749 | D:1      | HP: 3/17 [Natasha/magic dart (6)]
   750 | D:1      | Slain by Natasha

Levels and vault maps discovered:
D:1:      erik_arrival_blinker_ship, layout_loops_ring, minmay_3d_cube
D:2:      layout_basic, shapermc_ecumenical_altar_totnotflames, uniq_natasha

Action                     || total
---------------------------++-------
   Fire: Shortbow          ||    57
    Use: Scroll            ||     5
         Potion            ||     1
 Armour: Leather armour    ||    16
  Dodge: Dodged            ||    11

Table legend:
 A = Non-vault XP
 B = Vault XP
 C = Vault XP percentage of total XP
 D = Non-vault monster count
 E = Vault monster count
 F = Vault count percentage of total count
                 A         B        C        D         E       F
            +---------+---------+-------+---------+---------+-------
      Total |      22 |       9 |  29.0 |      13 |       5 |  27.8
            +---------+---------+-------+---------+---------+-------
        D:1 |      22 |       9 |  29.0 |      13 |       5 |  27.8
            +---------+---------+-------+---------+---------+-------
